 Dungeon Crawl Stone Soup version 0.26.1-2-gb8aa6d0cf2 (webtiles) character file.

Game seed: 13056474738905198313

2335878 ptrx2 the Axe Maniac (level 27, 273/273 HPs)
             Began as a Minotaur Fighter on Feb 27, 2021.
             Was a High Priest of Okawaru.
             Escaped with the Orb
             ... and 4 runes!
             The game lasted 05:11:18 (74379 turns).

ptrx2 the Axe Maniac (Minotaur Fighter)            Turns: 74379, Time: 05:11:18

Health: 273/273    AC: 49    Str: 37    XL:     27
Magic:  40/40      EV: 11    Int:  8    God:    Okawaru [*****.]
Gold:   9715       SH: 32    Dex: 18    Spells: 26/26 levels left

rFire    + + .     SeeInvis +   D - +10 war axe "Xojuj" {speed, +Rage rF+ rC- rN+}
rCold    + + +     Faith    .   x - +2 tower shield
rNeg     + + +     Spirit   .   r - +10 gold dragon scales
rPois    +         Reflect  .   c - +0 hat of Lightning Storm {rElec rC+}
rElec    +         Harm     .   u - +2 cloak {Will+}
rCorr    .         Rampage  .   I - +2 pair of gloves {Str+3}
Will     ++...                  B - +2 pair of boots {run}
Stlth    ..........             k - amulet "Zymo" {Acrobat Will- Dex+7 SInv}
HPRegen  0.55/turn              J - ring "Tiammat" {rN+ MP+9 Dex+4 Slay+2}
MPRegen  0.27/turn              W - ring "Wyxeaheu" {rC+ rN+ Int+3 Dex-3}

@: hasted (expiring), very quick
A: retaliatory headbutt, horns 2, repulsion field 1, cold resistance 1, low mp
1, electricity resistance
0: Orb of Zot
}: 4/15 runes: decaying, serpentine, silver, abyssal
a: Renounce Religion, Evoke Berserk Rage, Heroism, Finesse


You escaped.
You worshipped Okawaru.
Okawaru was extremely pleased with you.
You visited 11 branches of the dungeon, and saw 51 of its levels.
You visited the Abyss 2 times.
You also visited: Bailey and Gauntlet.

You collected 11018 gold pieces.
You spent 1303 gold pieces at shops.

Inventory:

Hand Weapons
 s - the +10 war axe of Fate {flame, MP+9 Str+2}
   (Okawaru gifted it to you on level 4 of the Depths)

   It has been specially enchanted to burn those struck by it, causing extra
   injury to most foes and up to half again as much damage against particularly
   susceptible opponents.
   Big, fiery blades are also staple armaments of hydra-hunters.
   It affects your strength (+2).
   It affects your magic capacity (+9).
 w - the +10 hand axe "Vyewovol" {vorpal, rPois}
   (Okawaru gifted it to you on level 3 of the Elven Halls)

   It inflicts extra damage upon your enemies.
   It protects you from poison.
 D - the +10 war axe "Xojuj" (weapon) {speed, +Rage rF+ rC- rN+}
   (You acquired it on level 3 of the Lair of Beasts)

   Attacks with this weapon are significantly faster.
   It protects you from fire.
   It makes you vulnerable to cold.
   It protects you from negative energy.
   It lets you go berserk.
 H - the +10 broad axe of Xutietomu {protect, *Slow rC+ Int+4 Dex-3}
   (Okawaru gifted it to you on level 4 of the Realm of Zot)

   It grants its wielder temporary protection when it strikes (+7 to AC).
   It affects your intelligence (+4).
   It affects your dexterity (-3).
   It protects you from cold.
   It may slow you when you take damage.
 L - a +9 vampiric broad axe
Armour
 c - the +0 hat of Lightning Storm (worn) {rElec rC+}
   (Okawaru gifted it to you on level 2 of the Realm of Zot)

   It protects you from cold.
   It insulates you from electricity.
 r - +10 gold dragon scales (worn)
 u - a +2 cloak of willpower (worn)
 x - a +2 tower shield (worn)
 B - a +2 pair of boots of running (worn)
 I - a +2 pair of gloves of strength (worn)
 K - the +3 cloak "Lycitor" {rF+ rN++ Dex-2 SInv Stlth+, unknown}
   (You found it on level 3 of the Elven Halls)

   It affects your dexterity (-2).
   It protects you from fire.
   It greatly protects you from negative energy.
   It lets you see invisible.
   It makes you more stealthy.
Jewellery
 j - the ring of the Skies Above {rF+ Str+6 Int+5 Dex-3}
   (You found it on level 4 of the Realm of Zot)

   [ring of strength]

   It affects your strength (+6).
   It affects your intelligence (+5).
   It affects your dexterity (-3).
   It protects you from fire.
 k - the amulet "Zymo" (around neck) {Acrobat Will- Dex+7 SInv}
   (You found it on level 1 of the Elven Halls)

   [amulet of the acrobat]

   It helps you evade while moving and waiting.
   It affects your dexterity (+7).
   It affects your willpower, your defense against some magical effects.
   It lets you see invisible.
 n - the ring "Aluirrir" {Dex+3 Stlth+}
   (You found it on level 3 of the Elven Halls)

   [ring of stealth]

   It affects your dexterity (+3).
   It makes you more stealthy.
 y - the amulet "Mozou" {Reflect Dex+4 SH+5}
   (You found it on level 3 of the Elven Halls)

   [amulet of reflection]

   It shields you and reflects attacks.
   It affects your dexterity (+4).
   It affects your SH (+5).
 E - the ring "Acwyterr" {Will+ Dex+2 Slay+2 SInv}
   (You found it on level 3 of the Elven Halls)

   [ring of see invisible]

   It affects your dexterity (+2).
   It affects your accuracy and damage with ranged weapons and melee attacks
   (+2).
   It affects your willpower, your defense against some magical effects.
   It lets you see invisible.
 F - the amulet of Litwop {Spirit rN++ Dex+5}
   (You found it on level 3 of the Elven Halls)

   [amulet of guardian spirit]

   It causes incoming damage to be split between your health and magic.
   It affects your dexterity (+5).
   It greatly protects you from negative energy.
 J - the ring "Tiammat" (left hand) {rN+ MP+9 Dex+4 Slay+2}
   (You found it on level 4 of the Depths)

   [ring of magical power]

   It affects your dexterity (+4).
   It affects your accuracy and damage with ranged weapons and melee attacks
   (+2).
   It protects you from negative energy.
   It affects your magic capacity (+9).
 W - the ring "Wyxeaheu" (right hand) {rC+ rN+ Int+3 Dex-3}
   (You found it on level 5 of the Vaults)

   [ring of protection from cold]

   It affects your intelligence (+3).
   It affects your dexterity (-3).
   It protects you from cold.
   It protects you from negative energy.
Wands
 a - a wand of random effects (24)
 h - a wand of enslavement (22)
 Q - a wand of digging (26)
Scrolls
 b - 7 scrolls of blinking
 f - 2 scrolls of summoning
 g - 34 scrolls of teleportation
 l - 31 scrolls of remove curse
 o - 10 scrolls of magic mapping
 q - 5 scrolls of identify
 t - 14 scrolls of fear
 v - a scroll of enchant weapon
 C - 5 scrolls of fog
 M - a scroll of brand weapon
Potions
 d - 5 potions of might
 e - 6 potions of cancellation
 i - 5 potions of heal wounds
 m - 4 potions of resistance
 p - 6 potions of haste
 z - 7 potions of invisibility
 A - 18 potions of curing
 G - a potion of berserk rage
 N - 9 potions of flight


   Skills:
 O Level 27 Fighting
 O Level 27 Axes
 - Level 16.5(23.4) Polearms
 O Level 27 Armour
 - Level 2.0 Stealth
 O Level 27 Shields
 + Level 18.9 Invocations
 - Level 10.0 Evocations


You had 26 spell levels left.
You didn't know any spells.
Your spell library contained the following spells:

 Spells                   Type           Power        Failure   Level
 Animate Skeleton         Necr           0%           86%         1
 Apportation              Tloc           0%           86%         1
 Beastly Appendage        Tmut           0%           86%         1
 Corona                   Hex            0%           86%         1
 Freeze                   Ice            0%           86%         1
 Magic Dart               Conj           0%           86%         1
 Sandblast                Erth           0%           86%         1
 Shock                    Conj/Air       0%           86%         1
 Sting                    Tmut/Pois      0%           86%         1
 Summon Small Mammal      Summ           0%           86%         1
 Blink                    Tloc           N/A          95%         2
 Call Imp                 Summ           0%           95%         2
 Corpse Rot               Necr/Air       N/A          95%         2
 Ensorcelled Hibernation  Hex/Ice        0%           95%         2
 Passwall                 Tmut/Erth      0%           95%         2
 Poisonous Vapours        Pois/Air       0%           95%         2
 Searing Ray              Conj           0%           95%         2
 Slow                     Hex            0%           95%         2
 Sublimation of Blood     Necr           0%           95%         2
 Swiftness                Air            0%           95%         2
 Wereblood                Tmut           0%           95%         2
 Call Canine Familiar     Summ           0%           99%         3
 Confusing Touch          Hex            0%           99%         3
 Conjure Flame            Conj/Fire      0%           99%         3
 Dazzling Flash           Conj/Hex       0%           99%         3
 Gell's Gravitas          Tloc           0%           99%         3
 Ignite Poison            Fire/Tmut/Pois 0%           99%         3
 Inner Flame              Hex/Fire       0%           99%         3
 Lesser Beckoning         Tloc           0%           99%         3
 Mephitic Cloud           Conj/Pois/Air  0%           99%         3
 Portal Projectile        Hex/Tloc       0%           99%         3
 Spider Form              Tmut/Pois      0%           99%         3
 Static Discharge         Conj/Air       0%           99%         3
 Stone Arrow              Conj/Erth      0%           99%         3
 Summon Guardian Golem    Hex/Summ       0%           99%         3
 Teleport Other           Tloc           0%           99%         3
 Tukima's Dance           Hex            0%           99%         3
 Airstrike                Air            0%           100%        4
 Cause Fear               Hex            0%           100%        4
 Dispel Undead            Necr           0%           100%        4
 Fulminant Prism          Conj/Hex       0%           100%        4
 Hailstorm                Conj/Ice       0%           100%        4
 Ice Form                 Ice/Tmut       0%           100%        4
 Iskenderun's Mystic Bla  Conj/Tloc      0%           100%        4
 Leda's Liquefaction      Hex/Erth       0%           100%        4
 Olgreb's Toxic Radiance  Pois           0%           100%        4
 Passage of Golubria      Tloc           N/A          100%        4
 Petrify                  Tmut/Erth      0%           100%        4
 Summon Ice Beast         Ice/Summ       0%           100%        4
 Summon Lightning Spire   Summ/Air       0%           100%        4
 Alistair's Intoxication  Tmut/Pois      0%           100%        5
 Blade Hands              Tmut           0%           100%        5
 Borgnjor's Vile Clutch   Necr/Erth      0%           100%        5
 Excruciating Wounds      Necr           0%           100%        5
 Fireball                 Conj/Fire      0%           100%        5
 Irradiate                Conj/Tmut      0%           100%        5
 Lee's Rapid Deconstruct  Erth           0%           100%        5
 Lightning Bolt           Conj/Air       0%           100%        5
 Silence                  Hex/Air        0%           100%        5
 Summon Forest            Summ/Tloc      0%           100%        5
 Yara's Violent Unravell  Hex/Tmut       0%           100%        5
 Conjure Ball Lightning   Conj/Air       0%           100%        6
 Dispersal                Tloc           0%           100%        6
 Eringya's Noxious Bog    Tmut/Pois      0%           100%        6
 Freezing Cloud           Conj/Ice/Air   0%           100%        6
 Hydra Form               Tmut           0%           100%        6
 Invisibility             Hex            0%           100%        6
 Shadow Creatures         Summ           N/A          100%        6
 Starburst                Conj/Fire      0%           100%        6
 Statue Form              Tmut/Erth      0%           100%        6
 Dragon Form              Tmut           0%           100%        7
 Haunt                    Necr/Summ      0%           100%        7
 Summon Hydra             Summ           0%           100%        7
 Borgnjor's Revivificati  Necr           0%           100%        8
 Discord                  Hex            0%           100%        8
 Disjunction              Tloc           0%           100%        8
 Ignition                 Fire           0%           100%        8
 Infestation              Necr           0%           100%        8
 Necromutation            Tmut/Necr      0%           100%        8
 Death's Door             Necr           0%           100%        9
 Shatter                  Erth           0%           100%        9
 Tornado                  Air            0%           100%        9


Dungeon Overview and Level Annotations

Branches:
Dungeon (15/15)            Temple (1/1) D:7            Lair (6/6) D:8
  Swamp (4/4) Lair:3        Snake (4/4) Lair:4        Slime (0/5) Lair:6
    Orc (2/2) D:10            Elf (3/3) Orc:2        Vaults (5/5) D:14
  Crypt (1/3) Vaults:2     Depths (5/5) D:15            Zot (5/5) Depths:5
 Bailey (visited)         Gauntlet (visited)

Altars:
Ashenzari
Cheibriados
Dithmenos
Elyvilon
Fedhas
Gozag
Hepliaklqana
Kikubaaqudgha
Makhleb
Nemelex Xobeh
Okawaru
Qazlal
Ru
Sif Muna
Trog
Uskayaw
Vehumet
Wu Jian
Xom
Yredelemnul
Zin
The Shining One
Jiyva

Shops:
D:4 }   D:6 :   D:12 *   D:13 (   Orc:1 [   Orc:2 *[*==   Elf:1 (   Elf:2 (
Elf:3 (   Snake:3 [}*::   Vaults:1 *   Vaults:3 =   Depths:4 (

Portals:
Hell: Depths:1 Depths:2 Depths:3 Depths:4 Depths:5
Abyss: Depths:1* Depths:2 Depths:4
Pandemonium: Depths:1 Depths:3
Ziggurat: Depths:4

Annotations:
Depths:4 2 transporters
Zot:5 1 exclusion


Innate Abilities, Weirdness & Mutations

You reflexively headbutt those who attack you in melee.
You have a pair of horns on your head.
You are surrounded by a mild repulsion field. (EV +2)
Your flesh is cold resistant. (rC+)
Your magical capacity is low. (-10% MP)
You are resistant to electric shocks. (rElec)


Message History

You slice the hell beast!!
The hell beast is almost dead.
You block the hell beast's attack. x2
You slice the hell beast!!
You kill the hell beast!
Okawaru accepts your kill.
You feel yourself speed up.
There is a stone staircase leading up here.
You climb upwards.
There is a stone staircase leading down here.
HP restored.
There is an open door here.
There is an open door here.
A pandemonium lord and a small abomination come into view.
Wauwn moves out of view.
The small abomination moves out of view.
Your extra speed is starting to run out.
There is a staircase leading out of the dungeon here.
You can't go down here!
You have escaped!

....# ###.## #.######...†...
....# #...^# #.# #......# ....#
#.##.## ##.# #......# ....#
#.###.###.## #......#
....######.# ##.#.## #####.......
...........## ##.## ##..##.......
#########.#.###.#.###.#.##.......
#.##.#.#.#.#.##..#.#.....
#.###.#.@.#.###..#.'.....
#.##.#.#.#.#.##..###.....
#.#.###.#.###.#..###...(. #..##
##.## ##.....).....
#...###.#.###..((........
###..#.###.#..######.)... ##..##
##..## ####.. #### #### #.. ###


There were no monsters in sight!

Vanquished Creatures
  5 ancient liches
  7 orbs of fire
  The ghost of Hehehe the Impregnable, a legendary DDFi of Makhleb (Depths:2)
  A juggernaut (Abyss:3)
  Sojobo (Vaults:2)
  Boris (Vaults:3)
  2 pandemonium lords
  3 Killer Klowns
  Frederick (Depths:5)
  Saint Roka (Orc:2)
  A curse toe (Zot:3)
  4 caustic shrikes (Depths:2)
  11 golden dragons
  Margery (Vaults:4)
  Nikola (Swamp:1)
  3 bone dragons
  A hellephant (Depths:3)
  5 electric golems
  An Ice Fiend (D:3)
  25 tentacled monstrosities
  8 liches
  A deep elf master archer (Elf:3)
  25 Orb Guardians (Zot:5)
  3 acid blobs
  2 deep elf blademasters
  8 quicksilver dragons
  11 death cobs
  7 shadow dragons
  5 titans
  4 tentacled starspawn
  The ghost of axecop the Warrior, an adept DsAK of Lugonu (Elf:3)
  7 sphinxes
  The ghost of Gameukug the Brawler, an adept TrMo of Nemelex Xobeh (Depths:1)
  The ghost of Zunwa the Severer, an adept MiBe of Trog (Snake:2)
  2 Executioners (Abyss:3)
  10 storm dragons
  Kirke (Swamp:1)
  4 draconian monks
  Donald (Vaults:2)
  9 tengu reavers
  18 nagarajas
  A fenstrider witch (Swamp:1)
  12 fire giants
  3 azure jellies (Depths:1)
  A ghost moth (shapeshifter) (Vaults:5)
  6 frost giants
  Aizul (Snake:1)
  4 draconian knights
  8 deep elf sorcerers
  5 cacodemons
  A spectral juggernaut (Depths:2)
  4 ghost moths
  Louise (Snake:4)
  An orc warlord (Depths:4)
  2 balrugs
  20 vault wardens
  The ghost of Purphixowk the Carver, a journeyman DsGl of Makhleb (D:15)
  6 draconian scorchers
  4 deep elf elementalists (Elf:3)
  The ghost of littlecub the Fighter, a journeyman DsGl of Hepliaklqana (Snake:2)
  3 iron dragons
  4 draconian stormcallers
  A war gargoyle (Vaults:5)
  An angel (Abyss:3)
  8 draconian annihilators
  The ghost of Mocoden the Cleaver, a journeyman FoFi of Okawaru (D:14)
  12 ironheart preservers
  7 spriggan defenders
  23 very ugly things
  9 green draconians
  12 black draconians
  26 stone giants
  5 vampire knights
  2 ophanim (Abyss:3)
  5 dire elephants (Lair:6)
  Azrael (Orc:2)
  6 deep elf demonologists
  2 entropy weavers
  14 purple draconians
  7 red draconians
  6 bunyips
  8 deep elf annihilators
  11 spark wasps
  7 yellow draconians
  9 white draconians
  The ghost of Siddir the Blocker, a journeyman MiBe of Trog (Snake:2)
  A minotaur (Gauntlet)
  3 crystal guardians
  13 ettins
  3 green deaths
  7 deep elf death magi
  Snorg (D:14)
  A death ooze (Depths:1)
  10 fire dragons
  A merfolk impaler (Depths:1)
  2 eleionomae
  9 great orbs of eyes
  The ghost of buriedalive the Nimble, a journeyman DECj of Vehumet (D:13)
  17 yaktaur captains
  Josephine (Lair:3)
  14 deep elf high priests
  35 vault guards
  14 naga warriors
  5 ghost crabs
  4 catoblepae
  A hell beast (D:2)
  24 hydras
  10 ice dragons
  2 spriggan air magi
  10 rakshasas
  6 centaur warriors
  2 death knights
  A two-headed ogre (shapeshifter) (Vaults:3)
  Fannar (Lair:2)
  5 boulder beetles
  17 ogre magi
  11 anacondas
  7 alligators
  8 death yaks
  2 merfolk aquamancers (Depths:4)
  7 deep troll shamans
  A titan zombie (Abyss:2)
  39 two-headed ogres
  4 tengu warriors
  2 vampire magi
  11 hell knights
  3 hell hogs (Depths:4)
  10 thrashing horrors
  4 orc high priests
  6 naga sharpshooters
  5 sun demons
  16 deep elf knights
  24 spriggans
  31 dancing weapons
  7 shock serpents
  17 deep troll earth magi
  8 spriggan berserkers
  2 soul eaters
  7 iron trolls
  A fire crab (shapeshifter) (Elf:3)
  4 wretched stars
  A death drake (shapeshifter) (D:13)
  3 shadow wraiths
  2 salamander mystics
  10 goliath frogs
  5 skeletal warriors (Vaults:1)
  29 deep trolls
  8 sixfirhies
  2 starcursed masses (Abyss:2)
  2 cherubim (Abyss:3)
  5 naga ritualists
  7 unseen horrors
  5 wizards
  2 tengu zombies
  10 bog bodies
  4 glowing orange brains
  3 flayed ghosts
  9 spriggan druids
  5 swamp dragons
  14 orc knights
  A sphinx zombie (Vaults:1)
  A lindwurm (Lair:4)
  2 wolf spider zombies (D:15)
  10 ironbrand convokers
  A lindwurm (shapeshifter) (Depths:2)
  67 deep elf magi
  17 deep elf archers
  6 phantasmal warriors
  8 mana vipers
  9 orc sorcerers
  10 necromancers
  5 oklob plants
  A sphinx skeleton (Vaults:1)
  24 ugly things
  5 will-o-the-wisps
  6 manticores
  45 large abominations
  3 wolf spiders
  An elephant (shapeshifter) (Depths:5)
  A moth of wrath (shapeshifter) (Depths:5)
  A salamander (shapeshifter) (Elf:3)
  11 salamanders
  8 cyclopes
  A tengu skeleton (Depths:2)
  6 worldbinders
  A black mamba (shapeshifter) (Vaults:3)
  A rust devil (Abyss:3)
  14 elephants (Lair:6)
  Maurice (Orc:2)
  21 moths of wrath
  A stone giant skeleton (Vaults:1)
  2 apocalypse crabs
  A cane toad (shapeshifter) (Elf:3)
  The ghost of cghgu the Twirler, a novice MiMo of Yredelemnul (D:4)
  20 guardian serpents
  An ice statue (D:8)
  22 vault sentinels
  3 centaur zombies
  7 torpor snails
  35 black mambas
  An eye of devastation (Abyss:2)
  4 gargoyles
  15 cane toads
  33 naga magi
  9 smoke demons
  5 spectral swamp worms (Depths:5)
  A hellion (Abyss:2)
  9 orange demons
  A minotaur zombie (Gauntlet)
  A yaktaur (shapeshifter) (Elf:3)
  48 yaktaurs
  4 rime drakes
  An anaconda simulacrum (Abyss:2)
  A yaktaur zombie (Vaults:3)
  4 freezing wraiths
  12 komodo dragons
  A golden dragon simulacrum (Depths:2)
  An efreet (D:15)
  A demonic crawler (Lair:6)
  4 ancient zymes
  6 ice devils
  3 red devils
  6 trolls
  A tengu conjurer (Depths:3)
  A silent spectre (Abyss:3)
  A bloated husk (Swamp:1)
  A polar bear (Lair:5)
  A jumping spider (Gauntlet)
  A troll (shapeshifter) (Depths:1)
  A wolf spider simulacrum (D:15)
  27 hornets
  Prince Ribbit (Lair:2)
  2 merfolk (Depths:4)
  5 tyrant leeches
  36 slime creatures
  7 raiju
  A slime creature (shapeshifter) (Vaults:4)
  A harpy skeleton (Abyss:2)
  2 snapping turtles (shapeshifter)
  6 blink frogs
  A frost giant simulacrum (Depths:2)
  2 stone giant simulacra
  A blink frog (shapeshifter) (Depths:1)
  2 ice dragon skeletons (Abyss:2)
  A redback (shapeshifter) (Vaults:5)
  8 ynoxinuls
  4 redbacks (Vaults:2)
  The ghost of Hudbad the Magician, an amateur DEFE of Vehumet (D:4)
  13 wraiths
  5 wyverns
  22 water elementals
  53 yaks
  A spriggan skeleton (Depths:2)
  4 shadows
  3 air elementals
  5 vampires
  A basilisk (shapeshifter) (Elf:3)
  3 basilisks
  7 fire elementals
  5 hogs (Swamp:1)
  3 golden eyes
  21 small abominations
  A human (shapeshifter) (Vaults:3)
  A steam dragon (D:12)
  A human simulacrum (Vaults:3)
  A golden eye (shapeshifter) (Vaults:3)
  6 neqoxecs
  4 chaos spawn
  6 vampire mosquitoes
  6 wargs
  16 swamp worms
  A swamp worm (shapeshifter) (Depths:4)
  52 nagas
  An acid dragon (D:14)
  A naga (shapeshifter) (Vaults:5)
  6 hell hounds
  2 floating eyes (Depths:4)
  18 water moccasins
  A meliai simulacrum (D:14)
  2 black bears
  3 sky beasts
  2 eyes of draining (shapeshifter) (Elf:3)
  54 orc warriors
  A black bear (shapeshifter) (Vaults:2)
  A phantom (D:9)
  An eye of draining (D:15)
  4 ice beasts
  A sky beast (shapeshifter) (Depths:5)
  27 centaurs
  35 ogres
  15 boggarts
  2 tengu (shapeshifter)
  6 necrophages
  17 wolves
  6 big kobolds
  3 human zombies
  A bullfrog (shapeshifter) (Elf:3)
  22 bullfrogs
  2 earth elementals (Elf:3)
  2 wyvern zombies
  A gnoll sergeant (D:11)
  6 scorpions
  2 wyvern skeletons (D:12)
  8 killer bees
  An electric eel (Lair:1)
  4 wights (D:8)
  2 howler monkeys (D:10)
  6 bullfrog zombies
  4 jellies
  5 quasits
  4 centaur skeletons
  24 orc priests
  2 iron imps (Abyss:2)
  7 hounds
  Natasha (thrice) (D:4)
  4 iguanas
  30 orc wizards
  13 hell rats
  10 worker ants
  A hound skeleton (D:6)
  A worker ant zombie (D:8)
  12 gnolls
  21 adders
  A howler monkey skeleton (D:4)
  A naga simulacrum (Abyss:5)
  3 white imps
  10 ufetubi
  2 adder skeletons
  3 worms
  4 dart slugs
  6 leopard geckos
  137 orcs
  2 giant cockroaches
  6 hobgoblins
  3 jackals (D:10)
  29 kobolds
  6 quokkas
  10 bats
  5 frilled lizards
  5 goblins
  A quokka skeleton (D:6)
  10 rats
  16 crawling corpses
  A fungus (D:3)
  A lurking horror (Abyss:5)
  3 plants
  3 starspawn tentacles
2645 creatures vanquished.

Vanquished Creatures (others)
  An ogre mage (Depths:4)
  A wyvern (shapeshifter) (Elf:3)
  A human (Swamp:1)
  An ogre (Depths:2)
  2 orcs
  A bush (Lair:6)
  16 foxfires
  52 fungi
  95 plants
  6 starspawn tentacles
  41 withered plants
217 creatures vanquished.

Grand Total: 2862 creatures vanquished

Notes
Turn   | Place    | Note
-------+----------+-------------------------------------------
     0 | D:1      | ptrx2 the Minotaur Fighter began the quest for the Orb.
     0 | D:1      | Reached XP level 1. HP: 19/19 MP: 0/0
    91 | D:1      | Reached XP level 2. HP: 26/26 MP: 1/1
   268 | D:1      | Reached XP level 3. HP: 29/31 MP: 2/2
   973 | D:2      | Reached skill level 5 in Axes
  1077 | D:2      | Found a shimmering altar of Xom.
  1254 | D:2      | Reached XP level 4. HP: 35/39 MP: 3/3
  1678 | D:3      | Found a sacrificial altar of Ru.
  1959 | D:3      | Found a blossoming altar of Fedhas.
  1984 | D:3      | Noticed an oklob plant
  2083 | D:4      | Noticed Natasha
  2104 | D:4      | Killed Natasha
  2105 | D:4      | Reached XP level 5. HP: 30/45 MP: 4/4
  2403 | D:4      | Found a hazy altar of Hepliaklqana.
  2525 | D:4      | Got a translucent trident
  2526 | D:4      | Identified the +5 trident "Jatifeqe" {elec, *Noise Fragile
                  | rN+++ SInv} (You found it on level 4 of the Dungeon)
  2534 | D:4      | Noticed an ogre
  2538 | D:4      | Killed an ogre
  2539 | D:4      | Reached XP level 6. HP: 51/51 MP: 5/5
  2869 | D:4      | Noticed Natasha
  2875 | D:4      | Killed Natasha
  2912 | D:4      | Found a bloodstained altar of Trog.
  2995 | D:4      | Found Ygoimas's Gadget Shop.
  2997 | D:4      | Noticed Natasha
  3004 | D:4      | Killed Natasha
  3047 | D:4      | Found a runed translucent gate.
  3047 | D:4      | Found a runed translucent gate.
  3047 | D:4      | Found a runed translucent gate.
  3051 | D:4      | Noticed Hudbad's ghost (amateur DEFE)
  3051 | D:4      | Noticed cghgu's ghost (novice MiMo)
  3076 | D:5      | Entered Level 5 of the Dungeon
  3174 | D:5      | Reached skill level 5 in Polearms
  3235 | D:5      | Noticed an ice beast
  3240 | D:5      | Killed an ice beast
  3241 | D:5      | Reached XP level 7. HP: 57/57 MP: 6/6
  3885 | D:6      | Found a white marble altar of Elyvilon.
  4201 | D:6      | Found a basalt altar of Yredelemnul.
  4288 | D:6      | Reached XP level 8. HP: 62/64 MP: 7/7
  4611 | D:6      | Reached skill level 10 in Polearms
  4871 | D:6      | Found a shimmering blue altar of Sif Muna.
  4930 | D:6      | Found Gijais's Book Shoppe.
  5039 | D:7      | Found a staircase to the Ecumenical Temple.
  5129 | Temple   | Entered the Ecumenical Temple
  5532 | D:7      | Reached XP level 9. HP: 70/70 MP: 8/8
  6212 | D:8      | Found a shimmering altar of Xom.
  6259 | D:8      | Noticed an ice devil
  6261 | D:8      | Noticed an ice devil
  6263 | D:8      | Noticed an ice devil
  6263 | D:8      | Noticed an ice devil
  6264 | D:8      | Noticed an ice statue
  6264 | D:8      | Noticed an ice devil
  6635 | D:8      | Found an iron altar of Okawaru.
  6638 | D:8      | Found a glowing silver altar of Zin.
  6713 | D:8      | Found a hide-covered altar of Uskayaw.
  6770 | D:8      | Found a staircase to the Lair.
  6931 | D:8      | Reached skill level 5 in Shields
  7243 | D:9      | Reached skill level 5 in Fighting
  7243 | D:9      | Reached skill level 5 in Armour
  7261 | D:9      | Reached XP level 10. HP: 81/81 MP: 9/9
  7301 | D:9      | Identified the Volume of Necromancy and the Snowflakes
  7422 | D:9      | Noticed a two-headed ogre
  7430 | D:9      | Killed a two-headed ogre
  7726 | D:8      | Found a glowing golden altar of the Shining One.
  7726 | D:8      | Found a stormy altar of Qazlal.
  7736 | D:8      | Became a worshipper of Warmaster Okawaru
  8068 | D:10     | Entered Level 10 of the Dungeon
  8077 | D:10     | Reached skill level 1 in Invocations
  8103 | D:10     | Found a flagged portal.
  8112 | Bailey   | Entered a bailey
  8352 | Bailey   | Reached * piety under Okawaru
  8867 | D:10     | Reached ** piety under Okawaru
  8988 | D:10     | Reached XP level 11. HP: 69/92 MP: 11/13
  9033 | D:10     | Found a staircase to the Orcish Mines.
  9558 | Lair:1   | Entered Level 1 of the Lair of Beasts
  9877 | Lair:1   | Reached skill level 5 in Invocations
  9878 | Lair:1   | Reached *** piety under Okawaru
 10319 | Lair:1   | Found a snail-covered altar of Cheibriados.
 10556 | Lair:2   | Reached **** piety under Okawaru
 10593 | Lair:2   | Noticed Prince Ribbit
 10671 | Lair:2   | Killed Prince Ribbit
 10685 | Lair:2   | Noticed an eight-headed hydra
 10692 | Lair:2   | Killed an eight-headed hydra
 10692 | Lair:2   | Reached ***** piety under Okawaru
 10727 | Lair:2   | Reached skill level 15 in Polearms
 10826 | Lair:2   | Reached skill level 10 in Fighting
 10826 | Lair:2   | Reached XP level 12. HP: 106/106 MP: 16/16
 10869 | Lair:2   | Noticed Fannar
 10884 | Lair:2   | Killed Fannar
 11157 | Lair:2   | Received a gift from Okawaru
 11935 | Lair:3   | Found a gate leading to a gauntlet.
 11950 | Gauntlet | Entered a Gauntlet
 11950 | Gauntlet | Found a transporter.
 11950 | Gauntlet | Found a transporter.
 11950 | Gauntlet | Noticed a ghost crab
 11951 | Gauntlet | Found a transporter.
 11951 | Gauntlet | Found a transporter.
 11954 | Gauntlet | Found a transporter.
 11956 | Gauntlet | Found a large runed translucent door.
 11957 | Gauntlet | Found a large runed translucent door.
 11958 | Gauntlet | Found a large runed translucent door.
 11958 | Gauntlet | Found a large runed translucent door.
 11958 | Gauntlet | Found a runed translucent door.
 11958 | Gauntlet | Found a runed translucent door.
 11959 | Gauntlet | Found a large runed translucent door.
 11959 | Gauntlet | Found a large runed translucent door.
 11959 | Gauntlet | Found a large runed translucent door.
 11959 | Gauntlet | Found a large runed translucent door.
 11960 | Gauntlet | Found a large runed translucent door.
 11960 | Gauntlet | Found a large runed translucent door.
 11961 | Gauntlet | Found a large runed translucent door.
 11961 | Gauntlet | Found a large runed translucent door.
 11962 | Gauntlet | Found a runed translucent gate.
 11962 | Gauntlet | Found a runed translucent gate.
 11962 | Gauntlet | Found a runed translucent gate.
 11964 | Gauntlet | Found a transporter.
 11970 | Gauntlet | Noticed an entropy weaver
 11975 | Gauntlet | Found a large runed translucent door.
 11976 | Gauntlet | Found a large runed translucent door.
 11985 | Gauntlet | Found a large runed translucent door.
 11985 | Gauntlet | Found a large runed translucent door.
 12031 | Gauntlet | Found a transporter.
 12041 | Gauntlet | Found a transporter.
 12056 | Gauntlet | Found a transporter.
 12066 | Gauntlet | Found a transporter.
 12081 | Gauntlet | Found a transporter.
 12084 | Gauntlet | Found a transporter.
 12091 | Gauntlet | Noticed a queen ant
 12251 | Gauntlet | Killed a ghost crab
 12272 | Gauntlet | Got an ancient silver ring
 12293 | Gauntlet | Killed an entropy weaver
 12300 | Gauntlet | Received a gift from Okawaru
 12303 | Gauntlet | Got a warped glaive {god gift}
 12306 | Gauntlet | Got a faintly glowing gossamer ring
 12355 | Gauntlet | Noticed a minotaur
 12367 | Gauntlet | Killed a minotaur
 12368 | Gauntlet | Reached skill level 10 in Shields
 12371 | Gauntlet | Reached skill level 10 in Armour
 12432 | Lair:3   | Identified the +8 glaive of the Grave {vorpal, Str+2
                  | Stlth+} (Okawaru gifted it to you in a Gauntlet)
 12434 | Lair:3   | Identified the ring "Gienlomy" {Int+3 Slay+4} (You found it
                  | in a Gauntlet)
 12436 | Lair:3   | Identified the ring of Wilerev {rElec AC+4 Str+4} (You
                  | found it in a Gauntlet)
 12458 | Lair:3   | Identified a scroll of acquirement
 12484 | Lair:3   | Found a staircase to the Swamp.
 12564 | Lair:3   | Noticed a four-headed hydra
 12567 | Lair:3   | Noticed a six-headed hydra
 12571 | Lair:3   | Killed a four-headed hydra
 12575 | Lair:3   | Killed a six-headed hydra
 12576 | Lair:3   | Reached XP level 13. HP: 112/119 MP: 16/19
 13086 | Lair:3   | Received a gift from Okawaru
 13089 | Lair:3   | Got a translucent rapier {god gift}
 13090 | Lair:3   | Identified the +1 rapier of Vanity {protect, *Slow Str+5
                  | Int+8} (Okawaru gifted it to you on level 3 of the Lair of
                  | Beasts)
 13396 | Lair:4   | Noticed Josephine
 13418 | Lair:3   | Killed Josephine
 13549 | Lair:4   | Reached skill level 10 in Invocations
 13637 | Lair:4   | Found a staircase to the Snake Pit.
 14236 | Lair:5   | Received a gift from Okawaru
 14236 | Lair:5   | Reached ****** piety under Okawaru
 14239 | Lair:5   | Got an ancient scale mail {god gift}
 14253 | Lair:4   | Identified the +5 scale mail of the Spider Nest {Str+2
                  | Dex+6 SInv} (Okawaru gifted it to you on level 5 of the
                  | Lair of Beasts)
 15199 | Lair:6   | Entered Level 6 of the Lair of Beasts
 15276 | Lair:5   | Reached XP level 14. HP: 131/133 MP: 19/21
 15713 | Lair:6   | Found a runed translucent door.
 15713 | Lair:6   | Found a viscous altar of Jiyva.
 15718 | Lair:6   | Found a staircase to the Slime Pits.
 15718 | Lair:6   | Noticed an acid blob
 15718 | Lair:6   | Noticed an acid blob
 15821 | Lair:6   | Received a gift from Okawaru
 15822 | Lair:6   | Reached skill level 15 in Fighting
 15830 | Lair:6   | Got a scorched scale mail {god gift}
 15841 | Lair:6   | Identified the +8 scale mail of Ofi Cafia {rElec Int+7
                  | Stlth-} (Okawaru gifted it to you on level 6 of the Lair of
                  | Beasts)
 15890 | Lair:6   | Found an opulent altar of Gozag.
 16096 | Lair:5   | Acquired the +10 war axe "Xojuj" {speed, +Rage rF+ rC- rN+}
 16100 | Lair:5   | Acquired a +2 pair of boots of running
 16878 | Lair:6   | Got a transparent steel ring
 16879 | Lair:6   | Identified the ring "Vyomoz" {+Fly Will+} (You found it on
                  | level 6 of the Lair of Beasts)
 17339 | D:11     | Reached skill level 10 in Axes
 18418 | D:12     | Received a gift from Okawaru
 18431 | D:12     | Got an ichor-stained spear {god gift}
 18432 | D:12     | Identified the +5 spear "Loazxock" {flame, +Blink rPois}
                  | (Okawaru gifted it to you on level 12 of the Dungeon)
 18872 | D:12     | Found Teetidog's General Store.
 19287 | D:13     | Found Boofit's Antique Weapon Boutique.
 19338 | D:13     | Noticed buriedalive's ghost (journeyman DECj)
 19346 | D:13     | Found a runed translucent gate.
 19346 | D:13     | Found a runed translucent gate.
 19346 | D:13     | Found a runed translucent gate.
 19805 | D:14     | Noticed Snorg
 19815 | D:14     | Killed Snorg
 19848 | D:14     | Found a runed translucent door.
 19873 | D:14     | Reached XP level 15. HP: 141/141 MP: 22/22
 19912 | D:14     | Found a shimmering altar of Xom.
 19912 | D:14     | Noticed Mocoden's ghost (journeyman FoFi)
 19975 | D:14     | Found a white marble altar of Elyvilon.
 20291 | D:14     | Found a gate to the Vaults.
 20490 | D:15     | Entered Level 15 of the Dungeon
 20594 | D:15     | Received a gift from Okawaru
 20687 | D:14     | Got a heavily runed chain mail
 20698 | D:14     | Identified the +7 chain mail of the Known World {Dex+2}
                  | (You found it on level 14 of the Dungeon)
 21060 | D:15     | Found a runed translucent door.
 21060 | D:15     | Noticed Purphixowk's ghost (journeyman DsGl)
 21187 | D:15     | Found a staircase to the Depths.
 21467 | D:15     | Killed Purphixowk's ghost
 22034 | D:4      | Killed cghgu's ghost
 22037 | D:4      | Killed Hudbad's ghost
 22412 | D:13     | Killed buriedalive's ghost
 22538 | D:14     | Killed Mocoden's ghost
 23118 | Lair:6   | Reached skill level 1 in Evocations
 23373 | Orc:1    | Entered Level 1 of the Orcish Mines
 23727 | Orc:1    | Found Uhuifecw's Armour Shoppe.
 23828 | Orc:2    | Entered Level 2 of the Orcish Mines
 23846 | Orc:2    | Received a gift from Okawaru
 23853 | Orc:2    | Got a warped plate armour {god gift}
 23866 | Orc:1    | Identified the +1 plate armour "Nilu" {rCorr} (Okawaru
                  | gifted it to you on level 2 of the Orcish Mines)
 23943 | Orc:2    | Noticed Saint Roka
 24086 | Orc:2    | Killed Saint Roka
 24087 | Orc:2    | Reached skill level 5 in Evocations
 24372 | Orc:2    | Noticed Azrael
 24384 | Orc:2    | Killed Azrael
 24474 | Orc:2    | Noticed Maurice
 24482 | Orc:2    | Killed Maurice
 24495 | Orc:2    | Found a staircase to the Elven Halls.
 24586 | Orc:2    | Found Woyteum's General Store.
 24713 | Orc:2    | Reached XP level 16. HP: 155/155 MP: 17/23
 24720 | Orc:2    | Found Atysiass's Jewellery Boutique.
 24720 | Orc:2    | Found Feuran's Jewellery Shoppe.
 24766 | Orc:2    | Found Ysidgh's General Store.
 24766 | Orc:2    | Found Xututun's Armour Shoppe.
 25515 | Lair:2   | Got a dazzling plate armour
 25526 | Lair:2   | Identified the +1 plate armour of Ru's Benevolence {Will-
                  | Str+7} (You found it on level 2 of the Lair of Beasts)
 25729 | D:12     | Bought the +2 cloak of the Thief {*Fog Slay-2 SInv Stlth+}
                  | for 301 gold pieces
 25729 | D:12     | Found the +2 cloak of the Thief {*Fog Slay-2 SInv Stlth+}
 25963 | Snake:1  | Entered Level 1 of the Snake Pit
 26225 | Snake:1  | Noticed Aizul
 26241 | Snake:1  | Killed Aizul
 26714 | Snake:2  | Received a gift from Okawaru
 26718 | Snake:2  | Got a faintly glowing broad axe {god gift}
 26732 | Snake:1  | Identified the +0 broad axe of Sahizer {distort, rF+ Will+}
                  | (Okawaru gifted it to you on level 2 of the Snake Pit)
 27353 | Snake:2  | Received a gift from Okawaru
 27621 | Snake:2  | Acquired 856 gold pieces
 27796 | Snake:2  | Found a runed translucent gate.
 27796 | Snake:2  | Found a runed translucent gate.
 27796 | Snake:2  | Found a runed translucent gate.
 27797 | Snake:2  | Noticed littlecub's ghost (journeyman DsGl)
 27797 | Snake:2  | Noticed Zunwa's ghost (adept MiBe)
 27798 | Snake:2  | Noticed Siddir's ghost (journeyman MiBe)
 28341 | Snake:2  | Killed littlecub's ghost
 28347 | Snake:2  | Killed Zunwa's ghost
 28350 | Snake:2  | Killed Siddir's ghost
 28458 | Snake:3  | Found Urphiut's Book Shop.
 28701 | Snake:3  | Reached XP level 17. HP: 166/168 MP: 25/25
 28949 | Snake:3  | Found Buturoan's Armour Shoppe.
 28951 | Snake:3  | Found Yrhoega's Assorted Antiques.
 28951 | Snake:3  | Found Enear's Gadget Shoppe.
 28956 | Snake:3  | Found Hackimu's Book Emporium.
 29451 | Swamp:1  | Entered Level 1 of the Swamp
 29496 | Swamp:1  | Received a gift from Okawaru
 29561 | Swamp:1  | Noticed Kirke
 29579 | Swamp:1  | Killed Kirke
 29687 | Swamp:1  | Noticed Nikola
 29704 | Swamp:1  | Killed Nikola
 29746 | Swamp:1  | Reached skill level 10 in Evocations
 32184 | Elf:1    | Entered Level 1 of the Elven Halls
 32203 | Elf:1    | Received a gift from Okawaru
 32713 | Elf:1    | Reached XP level 18. HP: 179/179 MP: 26/26
 32715 | Elf:1    | Reached skill level 15 in Axes
 32763 | Elf:1    | Got a coiled platinum amulet
 32764 | Elf:1    | Identified the amulet "Zymo" {Acrobat Will- Dex+7 SInv}
                  | (You found it on level 1 of the Elven Halls)
 32924 | Elf:1    | Found Xeumecag's Antique Weapon Shoppe.
 33014 | Elf:1    | Noticed a Brimstone Fiend
 33296 | Elf:2    | Received a gift from Okawaru
 33463 | Elf:2    | Found Ginluqeq's Antique Weapon Emporium.
 33609 | Elf:2    | Found a shimmering altar of Xom.
 33666 | Elf:2    | Found a huge runed translucent gate.
 33666 | Elf:2    | Found a huge runed translucent gate.
 33678 | Elf:2    | Found a huge runed translucent gate.
 33692 | Elf:2    | Found a huge runed translucent gate.
 33692 | Elf:2    | Found a huge runed translucent gate.
 34008 | Elf:2    | Reached skill level 15 in Shields
 34432 | D:12     | Bought a scroll of enchant weapon for 112 gold pieces
 34732 | Swamp:4  | Entered Level 4 of the Swamp
 34740 | Swamp:4  | Reached skill level 15 in Armour
 35150 | Swamp:3  | Received a gift from Okawaru
 36097 | Swamp:4  | Noticed a tentacled monstrosity
 36111 | Swamp:4  | Killed a tentacled monstrosity
 36178 | Swamp:4  | Got a decaying rune of Zot
 36556 | Snake:4  | Entered Level 4 of the Snake Pit
 36594 | Snake:4  | Reached XP level 19. HP: 152/190 MP: 21/28
 37001 | Snake:4  | Received a gift from Okawaru
 37238 | Snake:4  | Noticed Louise
 37264 | Snake:4  | Killed Louise
 38574 | Snake:4  | Received a gift from Okawaru
 38651 | Snake:4  | Got a serpentine rune of Zot
 39113 | Vaults:1 | Entered Level 1 of the Vaults
 40035 | Vaults:1 | Found Puomiwni's General Store.
 40157 | Vaults:1 | Reached XP level 20. HP: 200/200 MP: 29/29
 40164 | Vaults:1 | Received a gift from Okawaru
 40175 | Vaults:1 | Got a jewelled falchion {god gift}
 40177 | Vaults:1 | Identified the +6 falchion of Okawaru's Whim {vorpal, +Inv
                  | rN+} (Okawaru gifted it to you on level 1 of the Vaults)
 40787 | Vaults:2 | Noticed Donald
 40799 | Vaults:2 | Killed Donald
 40962 | Vaults:2 | Noticed Sojobo
 40979 | Vaults:2 | Killed Sojobo
 41148 | Vaults:2 | Found the +9 staff of Olgreb {rPois∞}
 41330 | Vaults:2 | Paralysed by a vampire knight for 5 turns
 41601 | Vaults:2 | Found a staircase to the Crypt.
 41715 | Vaults:2 | Received a gift from Okawaru
 42069 | Vaults:2 | Paralysed by a great orb of eyes for 5 turns
 42344 | Crypt:1  | Entered Level 1 of the Crypt
 42648 | Vaults:3 | Received a gift from Okawaru
 43317 | Vaults:3 | Found Impeceit's Jewellery Shoppe.
 43332 | Vaults:3 | Bought the amulet of Vaurchan {rElec Regen+ Slay+2} for 890
                  | gold pieces
 43437 | Vaults:3 | Got an ancient scythe
 43439 | Vaults:3 | Identified the +2 scythe of Earthquakes {freeze, Dex+3}
                  | (You found it on level 3 of the Vaults)
 43524 | Vaults:3 | Reached XP level 21. HP: 210/210 MP: 30/30
 43532 | Vaults:3 | Noticed Boris
 43550 | Vaults:3 | Killed Boris
 44427 | Vaults:4 | Noticed Margery
 44495 | Vaults:4 | Killed Margery
 44908 | Vaults:4 | Received a gift from Okawaru
 45424 | Depths:1 | Entered Level 1 of the Depths
 45483 | Depths:1 | Found a one-way gate to the infinite horrors of the Abyss.
 45627 | Depths:1 | Found a transporter.
 45639 | Depths:1 | Found a viscous altar of Jiyva.
 45641 | Depths:1 | Found a transporter.
 45770 | Depths:1 | Received a gift from Okawaru
 45800 | Depths:1 | Got a jewelled broad axe {god gift}
 45801 | Depths:1 | Identified the +4 broad axe of Charity {elec, rC+ Str+4}
                  | (Okawaru gifted it to you on level 1 of the Depths)
 46123 | Depths:1 | Noticed an ancient lich
 46139 | Depths:1 | Found a transporter.
 46141 | Depths:1 | Found a transporter.
 46335 | Depths:1 | Noticed Gameukug's ghost (adept TrMo)
 46336 | Depths:1 | Identified the +7 rapier "Tipog" {distort, Fragile rPois
                  | Str+7 Dex-3}
 46468 | Depths:1 | Found a gateway to Hell.
 46581 | Depths:1 | Found a one-way gate leading to the halls of Pandemonium.
 46908 | Depths:2 | Reached XP level 22. HP: 220/220 MP: 31/31
 47025 | Depths:2 | Received a gift from Okawaru
 47178 | Depths:2 | Found a transporter.
 47178 | Depths:2 | Noticed Hehehe's ghost (legendary DDFi)
 47190 | Depths:2 | Found a transporter.
 47681 | Depths:2 | Paralysed by a sphinx for 3 turns
 47971 | Depths:2 | Noticed a caustic shrike
 47976 | Depths:2 | Noticed a caustic shrike
 47981 | Depths:2 | Noticed a caustic shrike
 47990 | Depths:2 | Noticed a caustic shrike
 47992 | Depths:2 | Killed a caustic shrike
 48002 | Depths:2 | Killed a caustic shrike
 48004 | Depths:2 | Killed a caustic shrike
 48012 | Depths:2 | Killed a caustic shrike
 48025 | Depths:2 | Received a gift from Okawaru
 49311 | Depths:3 | Found Hyelomelykiu's General Store.
 49558 | Depths:3 | Reached XP level 23. HP: 229/229 MP: 29/32
 49755 | Depths:3 | Identified the +6 dagger of Gackitz {vorpal, *Corrode rC+++
                  | Will+++ MP+9}
 49786 | Depths:3 | Gained mutation: You are frail. (-10% HP) [a cacodemon]
 49805 | Depths:3 | Gained mutation: Your spells are a little easier to cast,
                  | but a little less powerful. [a cacodemon]
 49826 | Depths:3 | Got a blackened hand axe
 49827 | Depths:3 | Identified the cursed +1 hand axe "Undertaker" {pain, Int+4
                  | Dex+4 SInv} (You found it on level 3 of the Depths)
 50366 | Depths:4 | Received a gift from Okawaru
 50369 | Depths:4 | Got a twisted war axe {god gift}
 50370 | Depths:4 | Identified the +10 war axe of Fate {flame, MP+9 Str+2}
                  | (Okawaru gifted it to you on level 4 of the Depths)
 50660 | Depths:4 | Paralysed by a floating eye for 2 turns
 50745 | Depths:4 | Paralysed by a floating eye for 2 turns
 50756 | Depths:4 | Paralysed by a floating eye for 4 turns
 50859 | Depths:4 | Received a gift from Okawaru
 50860 | Depths:4 | Found Gonyl's Antique Weapon Boutique.
 50918 | Depths:4 | Got a wavering golden ring
 50919 | Depths:4 | Identified the ring "Tiammat" {rN+ MP+9 Dex+4 Slay+2} (You
                  | found it on level 4 of the Depths)
 50947 | Depths:4 | Found a transporter.
 50965 | Depths:4 | Identified the ring of Ryjoshree {rN+ Int-3 Dex+4 SInv}
 51427 | Depths:4 | Found a gateway to a ziggurat.
 51461 | Depths:4 | Got a fine turquoise ring
 51462 | Depths:4 | Identified the ring of Sunlight {*Tele rF- Str+7 SInv} (You
                  | found it on level 4 of the Depths)
 51487 | Depths:4 | Found a transporter.
 51659 | Depths:5 | Entered Level 5 of the Depths
 52065 | Depths:5 | Noticed Frederick
 52079 | Depths:5 | Killed Frederick
 52127 | Depths:5 | Reached XP level 24. HP: 211/216 MP: 30/32
 52139 | Depths:5 | Received a gift from Okawaru
 52180 | Depths:5 | Found a gate to the Realm of Zot.
 52196 | Depths:5 | Got an ichor-stained crystal plate armour {god gift}
 52210 | Depths:5 | Identified the +2 crystal plate armour "Huirop" {rElec
                  | Str+4} (Okawaru gifted it to you on level 5 of the Depths)
 53241 | Vaults:5 | Entered Level 5 of the Vaults
 53499 | Vaults:5 | Received a gift from Okawaru
 53518 | Vaults:5 | Noticed an ancient lich
 53688 | Vaults:4 | Killed an ancient lich
 53716 | Vaults:5 | Reached skill level 27 in Axes
 53743 | Vaults:5 | Reached XP level 25. HP: 178/225 MP: 32/32
 53820 | Vaults:5 | Received a gift from Okawaru
 54000 | Vaults:5 | Received a gift from Okawaru
 54889 | Vaults:5 | Got a slimy copper ring
 54897 | Vaults:5 | Identified the ring "Wyxeaheu" {rC+ rN+ Int+3 Dex-3} (You
                  | found it on level 5 of the Vaults)
 55018 | Vaults:5 | Got a silver rune of Zot
 55705 | Zot:1    | Entered Level 1 of the Realm of Zot
 56047 | Zot:1    | Reached skill level 1 in Stealth
 56433 | Zot:1    | Received a gift from Okawaru
 57401 | Depths:1 | Reached skill level 27 in Fighting
 57401 | Depths:1 | Paralysed by a great orb of eyes for 5 turns
 57420 | Depths:1 | Received a gift from Okawaru
 57421 | Depths:1 | Reached XP level 26. HP: 196/239 MP: 28/32
 57438 | Depths:1 | Killed Gameukug's ghost
 57451 | Depths:1 | Killed an ancient lich
 57503 | Depths:1 | Got a wavering platinum ring
 57505 | Depths:1 | Identified the ring "Kum Micu" {rN+ Str-2 Int+3 SInv} (You
                  | found it on level 1 of the Depths)
 57512 | Depths:1 | Acquired 961 gold pieces
 57727 | Depths:1 | Got a transparent platinum amulet
 57811 | Depths:2 | Killed Hehehe's ghost
 57866 | Depths:2 | Identified the amulet "Mueng" {Spirit Str+2} (You found it
                  | on level 1 of the Depths)
 57879 | Depths:2 | Got a pair of ichor-stained boots
 57910 | Depths:2 | Identified the +2 pair of boots of Lilacs {rF- rC+ Int+4}
                  | (You found it on level 2 of the Depths)
 58362 | Zot:2    | Received a gift from Okawaru
 58382 | Zot:2    | Got a jewelled hat {god gift}
 58396 | Zot:1    | Identified the +0 hat of Lightning Storm {rElec rC+}
                  | (Okawaru gifted it to you on level 2 of the Realm of Zot)
 60626 | Zot:3    | Received a gift from Okawaru
 61541 | Elf:3    | Entered Level 3 of the Elven Halls
 61541 | Elf:3    | Found a runed translucent gate.
 61541 | Elf:3    | Found a runed translucent gate.
 61541 | Elf:3    | Found a runed translucent gate.
 61669 | Elf:3    | Received a gift from Okawaru
 61692 | Elf:3    | Reached XP level 27. HP: 147/245 MP: 32/32
 62039 | Elf:3    | Got a transparent lead ring
 62050 | Elf:3    | Got a vibrating crystal amulet
 62059 | Elf:3    | Got a smoking jade ring
 62079 | Elf:3    | Got a translucent ruby amulet
 62602 | Elf:3    | Received a gift from Okawaru
 62605 | Elf:3    | Got an ebony hand axe {god gift}
 62606 | Elf:3    | Identified the +10 hand axe "Vyewovol" {vorpal, rPois}
                  | (Okawaru gifted it to you on level 3 of the Elven Halls)
 62995 | Elf:3    | Found Itsus's Weapon Boutique.
 63239 | Elf:3    | Found a runed translucent gate.
 63239 | Elf:3    | Found a runed translucent gate.
 63242 | Elf:3    | Noticed axecop's ghost (adept DsAK)
 63248 | Elf:3    | Found a runed translucent gate.
 63307 | Elf:3    | Killed axecop's ghost
 63358 | Elf:3    | Identified the amulet "Mozou" {Reflect Dex+4 SH+5} (You
                  | found it on level 3 of the Elven Halls)
 63359 | Elf:3    | Identified the amulet of Litwop {Spirit rN++ Dex+5} (You
                  | found it on level 3 of the Elven Halls)
 63361 | Elf:3    | Identified the ring "Aluirrir" {Dex+3 Stlth+} (You found it
                  | on level 3 of the Elven Halls)
 63363 | Elf:3    | Identified the ring "Acwyterr" {Will+ Dex+2 Slay+2 SInv}
                  | (You found it on level 3 of the Elven Halls)
 63843 | Zot:4    | Noticed an orb of fire
 64025 | Zot:4    | Gained mutation: You are very frail. (-20% HP) [an orb of
                  | fire]
 64033 | Zot:4    | Killed an orb of fire
 64368 | Zot:4    | Got a glittering bone ring
 64375 | Zot:4    | Identified the ring of the Skies Above {rF+ Str+6 Int+5
                  | Dex-3} (You found it on level 4 of the Realm of Zot)
 64424 | Zot:4    | Received a gift from Okawaru
 64450 | Zot:4    | Got a pitted broad axe {god gift}
 64451 | Zot:4    | Identified the +10 broad axe of Xutietomu {protect, *Slow
                  | rC+ Int+4 Dex-3} (Okawaru gifted it to you on level 4 of
                  | the Realm of Zot)
 64989 | Zot:5    | Entered Level 5 of the Realm of Zot
 65239 | Zot:5    | Acquired 870 gold pieces
 66095 | Depths:4 | Voluntarily entered the Abyss.
 66095 | Abyss:1  | Found a corrupted altar of Lugonu.
 66100 | Abyss:1  | Found a corrupted altar of Lugonu.
 66217 | Abyss:1  | Found a corrupted altar of Lugonu.
 66360 | Abyss:2  | Received a gift from Okawaru
 67867 | Abyss:3  | Found a glowing golden altar of the Shining One.
 67962 | Abyss:3  | Noticed a juggernaut
 67970 | Abyss:3  | Killed a juggernaut
 67974 | Abyss:3  | Got an abyssal rune of Zot
 67978 | Depths:4 | Escaped the Abyss
 68967 | Zot:5    | Noticed an ancient lich
 68986 | Zot:5    | Killed an ancient lich
 68986 | Zot:5    | Received a gift from Okawaru
 69135 | Zot:5    | Noticed an orb of fire
 69141 | Zot:5    | Gained mutation: You are extremely frail. (-30% HP) [an orb
                  | of fire]
 69158 | Zot:5    | Killed an orb of fire
 69415 | Zot:5    | Found the +7 lajatang of Order {silver, rMut}
 69431 | Zot:5    | Noticed an orb of fire
 69453 | Zot:5    | Killed an orb of fire
 69742 | Zot:5    | Reached skill level 27 in Armour
 69742 | Zot:5    | Reached skill level 27 in Shields
 70189 | Zot:5    | Reached skill level 15 in Invocations
 70372 | Zot:5    | Noticed an orb of fire
 70391 | Zot:5    | Gained mutation: Armour fits poorly on your strangely
                  | shaped body. [an orb of fire]
 70393 | Zot:5    | Gained mutation: You are clumsy. (Dex -2) [an orb of fire]
 70395 | Zot:5    | Killed an orb of fire
 70395 | Zot:5    | Received a gift from Okawaru
 70398 | Zot:5    | Got a pair of slimy gloves {god gift}
 70522 | Zot:5    | Noticed an orb of fire
 70522 | Zot:5    | Noticed an orb of fire
 70738 | Zot:5    | Gained mutation: Scrolls take you a little longer to read.
                  | [an orb of fire]
 70742 | Zot:5    | Gained mutation: Scrolls take you longer to read. [an orb
                  | of fire]
 70750 | Zot:5    | Gained mutation: You are very clumsy. (Dex -4) [an orb of
                  | fire]
 70753 | Zot:5    | Killed an orb of fire
 71042 | Zot:5    | Noticed an orb of fire
 71050 | Zot:5    | Gained mutation: You have a pair of large horns on your
                  | head. [an orb of fire]
 71069 | Zot:5    | Killed an orb of fire
 71073 | Zot:5    | Noticed an ancient lich
 71086 | Zot:5    | Killed an ancient lich
 71420 | Zot:5    | Gained mutation: Your magical capacity is low. (-10% MP)
                  | [an orb of fire]
 71423 | Zot:5    | Killed an orb of fire
 71739 | Zot:5    | Noticed an ancient lich
 71741 | Zot:5    | Cast into level 5 of the Abyss (an ancient lich)
 71741 | Abyss:5  | Entered Level 5 of the Abyss
 71741 | Abyss:5  | Found a corrupted altar of Lugonu.
 71741 | Abyss:5  | Found a shadowy altar of Dithmenos.
 71897 | Zot:5    | Escaped the Abyss
 71910 | Zot:5    | Killed an ancient lich
 72098 | Zot:5    | Identified the -2 pair of gloves "Jiff" {Regen+ Dex+4}
                  | (Okawaru gifted it to you on level 5 of the Realm of Zot)
 72667 | Elf:3    | Got an encrusted cloak
 72801 | Elf:3    | Lost mutation: You are extremely frail. (-30% HP) [potion
                  | of mutation]
 72801 | Elf:3    | Lost mutation: You are very clumsy. (Dex -4) [potion of
                  | mutation]
 72801 | Elf:3    | Gained mutation: You are weak. (Str -2) [potion of
                  | mutation]
 72801 | Elf:3    | Lost mutation: Your spells are a little easier to cast, but
                  | a little less powerful. [potion of mutation]
 72802 | Elf:3    | Lost mutation: Scrolls take you longer to read. [potion of
                  | mutation]
 72802 | Elf:3    | Lost mutation: You are very frail. (-20% HP) [potion of
                  | mutation]
 72802 | Elf:3    | Lost mutation: You have a pair of large horns on your head.
                  | [potion of mutation]
 72802 | Elf:3    | Lost mutation: Scrolls take you a little longer to read.
                  | [potion of mutation]
 72802 | Elf:3    | Lost mutation: You are frail. (-10% HP) [potion of
                  | mutation]
 72802 | Elf:3    | Gained mutation: Your flesh is cold resistant. (rC+)
                  | [potion of mutation]
 72949 | Elf:3    | Lost mutation: Armour fits poorly on your strangely shaped
                  | body. [potion of mutation]
 72949 | Elf:3    | Lost mutation: You are weak. (Str -2) [potion of mutation]
 72949 | Elf:3    | Lost mutation: You are clumsy. (Dex -2) [potion of
                  | mutation]
 72949 | Elf:3    | Gained mutation: You are resistant to electric shocks.
                  | (rElec) [potion of mutation]
 72949 | Elf:3    | Gained mutation: You are surrounded by a mild repulsion
                  | field. (EV +2) [potion of mutation]
 73557 | Zot:5    | Got the Orb of Zot
 73765 | Depths:5 | Noticed Veetror the pandemonium lord
 73780 | Depths:5 | Killed Veetror the pandemonium lord
 73796 | Depths:4 | Noticed Reonkun the pandemonium lord
 73808 | Depths:4 | Killed Reonkun the pandemonium lord
 74365 | D:1      | Noticed Wauwn the pandemonium lord
 74379 | D:$      | Escaped with the Orb!

Illustrated notes

Levels and vault maps discovered:
D:1:      minmay_arrival_diagonal_passages, layout_basic
D:2:      layout_loops_corners, lemuel_crystal_altar
D:3:      layout_rooms, marbit_many_paths, tgw_fedhas
D:4:      layout_layer_cave, nzn_hepliaklqana_mist_gate, kennysheep_mini,
          serial_shops, shop, gammafunk_ghost_cemetery, uniq_natasha
D:5:      layout_layer_cave
D:6:      layout_gridville, kennysheep_ying_yang, tgw_sif, serial_shops, shop
D:7:      layout_basic, minmay_temple_entry_statues_fountains,
          kennysheep_generic_room_15
D:8:      cheibrodos_frozen_isle, layout_basic, lemuel_doored_altar,
          nicolae_overflow_hidden_temple, erik_lair_orcish_takeover,
          xom_teletrap_fun
D:9:      minmay_octagon_keep, layout_long_grid, grunt_ministairs_7,
          serial_park_tiny_2
D:10:     layout_roguey, hiddenorc2_lemuel, enter_bailey_2
D:11:     layout_loops_ring
D:12:     layout_layer_cave, serial_shops, shop
D:13:     layout_roguey, serial_shops, shop, gammafunk_ghost_split,
          nrook_mini_vaults
D:14:     minmay_bloctagon_deflated, layout_cave_pools, david_vaults_1,
          ebering_ghost_xom, serial_bayou_pond_e, serial_column_ruins,
          column_ruins_hut_ruined, column_ruins_grid_1, column_ruins_grid_1,
          column_ruins_grid_1, column_ruins_corridor_straight,
          column_ruins_open_large, elyvilon_altar_3, uniq_snorg
D:15:     grunt_enter_depths_magical_seal, layout_loops_ring, glass_columns_a,
          gammafunk_ghost_grave, nicolae_underground_beach
Temple:   zaba_magenta_temple
Lair:1:   layout_gridlike, kennysheep_snail_temple, lemuel_fruit_tree,
          infiniplex_staircase_pool, serial_bayou_shore_b, serial_bayou_shore_b
Lair:2:   layout_hall_layers, cheibrodos_lair_caveside_slide,
          grunt_megastairs_2, minmay_lair_oklob_chamber, uniq_prince_ribbit2,
          uniq_fannar
Lair:3:   nzn_winding_woodlands_three_and_one
          [nzn_winding_woodlands_5x15_jagged, nzn_winding_woodlands_5x15_zeroes,
          nzn_winding_woodlands_5x15_sawtooth,
          nzn_winding_woodlands_center_pierced_h], layout_loops_ring,
          minmay_swamp_entry_swarm, gauntlet_entry_generic
Lair:4:   layout_long_grid, minmay_snake_entry_six_corridors, st_stairs_4,
          columned_hall_lemuel, grunt_megastairs_3, lemuel_fruit_fields,
          uniq_josephine
Lair:5:   layout_gridlike
Lair:6:   due_jungle_book, layout_gridlike, slime_altar_2, basic_altar,
          worms_lemuel, infiniplex_staircase_pool_2
Swamp:1:  layout_basic_swamp, evilmike_swamp_ruin_house_6, swamp_pool1,
          hangedman_swamp_cone, nicolae_swamp_round_clearing, uniq_nikola,
          uniq_kirke
Swamp:2:  layout_falls_marsh, evilmike_swamp_ruin_house_2
Swamp:3:  layout_basic_swamp, nicolae_swamp_rocky_clearing, swamp_pool1,
          nicolae_swamp_triple_paths, st_shrine_of_shade
Swamp:4:  swamp_vile, layout_basic_swamp
Snake:1:  layout_grid_shapes, uniq_aizul
Snake:2:  layout_chambers, gammafunk_ghost_cemetery, hangedman_snake_sidewinding
Snake:3:  layout_cave_town, serial_shops, shop, minmay_shoptagon
Snake:4:  snake_hunt, layout_cave_pods, st_stairs_10, grunt_ministairs_14,
          uniq_louise
Orc:1:    layout_caves, serial_shops,
          nicolae_shop_temple_entry_statues_fountains, rock_pile
Orc:2:    grunt_orc_tribal_feast, layout_caves, serial_shops, shop,
          uniq_saint_roka, uniq_azrael, uniq_maurice
Elf:1:    layout_gridlike, serial_shops, shop, minivault_28
Elf:2:    layout_geoelf_diagonals, serial_shops, shop, basic_altar
Elf:3:    minmay_elf_hall_curves, layout_geoelf_diagonals,
          ploomutoo_gammafunk_ghost_potion_laboratory, serial_shops, shop,
          hangedman_elf_represent
Vaults:1: nicolae_vaults_circle_grid_b, vaults_dpeg_hooks,
          nicolae_vaults_back_hallway, v_misc_2, hangedman_vaults_maws,
          nicolae_vaults_hallways_thing, hangedman_vaults_stagger,
          hangedman_vaults_locks, hangedman_vaults_corner, v_misc_28,
          nicolae_vaults_little_squares_4, layout_vaults_omnibox, serial_shops,
          shop_statue
Vaults:2: minmay_crypt_entry_vampire_xt, nicolae_vaults_twisting_passages,
          nicolae_vaults_shelves_hall, ontoclasm_vaults_eye,
          ontoclasm_vaults_gateway, ontoclasm_vaults_chip,
          grunt_vaults_hallway_short, st_octagons_2,
          nicolae_vaults_little_squares_3, hangedman_vaults_stretched_pinwheel,
          nicolae_vaults_mini_display_case, grunt_vaults_hallway_short,
          ontoclasm_vaults_shuriken, layout_vaults_big_room, uniq_sojobo,
          uniq_donald
Vaults:3: v_misc_4, nicolae_vaults_network_star, v_alt_pattern_2,
          ontoclasm_vaults_shout, hangedman_vaults_restitches,
          nicolae_vaults_little_squares_4, layout_vaults_omnigrid, serial_shops,
          shop_coins, uniq_boris
Vaults:4: nicolae_vaults_specimen_jars, v_misc_1, hangedman_vaults_variations,
          nicolae_vaults_little_squares_2, v_pattern_4, v_rooms_6,
          nicolae_vaults_what_the_h, v_rooms_4,
          nicolae_vaults_ring_of_whatevers, layout_vaults_ring, uniq_margery
Vaults:5
Crypt:1:  layout_misc_corridors, minicrypt_bobbens, grunt_megastairs_4,
          grunt_crypt_arrival_split
Depths:1: gammafunk_jiyva_shrine, layout_cave_shapes, pf_coc_iceberg,
          rand_demon_pan_entry_4, kennysheep_doodads,
          gammafunk_ghost_abyssal_escape, abyss_entry, kennysheep_another_room,
          minmay_the_grid_square_5x5_3x3_mashed
          [minmay_the_grid_square_5x5_lines,
          minmay_the_grid_square_5x5_six_small,
          minmay_the_grid_square_5x5_almost_minimal,
          minmay_the_grid_square_5x5_trominoes,
          minmay_the_grid_square_5x5_megaprize_hollow,
          minmay_the_grid_square_5x5_hourglass,
          minmay_the_grid_square_5x5_three_walls,
          minmay_the_grid_square_5x5_half_checkered,
          minmay_the_grid_square_5x5_dogpile]
Depths:2: cross_vault, layout_cave_shapes, gammafunk_ghost_mausoleum,
          minmay_room_of_horrors, special_room [special_room_mythical_zoo],
          hell_entry, minmay_strange_pillars, wad_floor_pattern_untrapped,
          serial_bayou_shore_a
Depths:3: kb_forest_paths, layout_basic, serial_shops, shop_statue,
          glass_columns_a, rand_demon_pan_entry_8, hell_entry
Depths:4: hangedman_spin_cycle, hell_entry, abyss_entry, serial_shops
Depths:5: grunt_zot_entry_alcove, layout_honeycomb, pf_hell_entry_tar_river,
          uniq_frederick
Zot:1:    layout_twisted_circle
Zot:2:    layout_onion
Zot:3:    layout_gridlike, nicolae_lava_and_water
Zot:4:    layout_basic, hangedman_zot_decor_slant, st_single_dragon_hoard_4,
          grunt_ministairs_15, lemuel_baited_zot_trap
Zot:5:    layout_twisted_circle, lemuel_baited_zot_trap

Skill      XL: |  1  2  3  4  5  6  7  8  9 10 11 12 13 14 15 16 17 18 19 20 21 22 23 24 25 26 27 |
---------------+----------------------------------------------------------------------------------+-----
Axes           | 3 4 5 6 7 12 13 14 16 18 20 21 23 24 27 | 27.0
Polearms       | 2 5 8 11 13 14 15 16 | 16.5
Fighting       | 5 7 10 12 14 15 17 19 20 21 22 23 24 25 27 | 27.0
Armour         | 5 7 8 10 11 12 13 14 15 16 17 18 19 20 21 23 27 | 27.0
Shields        | 5 7 8 10 11 12 13 14 15 16 17 18 19 20 21 23 27 | 27.0
Invocations    | 4 7 9 10 11 12 13 14 18 | 18.9
Evocations     | 6 7 10 | 10.0
Stealth        | 2 |  2.0

Action                   |  1- 3 |  4- 6 |  7- 9 | 10-12 | 13-15 | 16-18 | 19-21 | 22-24 | 25-27 || total
-------------------------+-------+-------+-------+-------+-------+-------+-------+-------+-------++-------
Melee: War axe           |    93 |    94 |       |       |   727 |  1189 |  1442 |  1184 |  1957 ||  6686
       Headbutt          |     9 |    17 |    33 |    93 |   319 |   291 |   444 |   389 |   721 ||  2316
       Trident           |       |    40 |   275 |   694 |   428 |       |       |       |       ||  1437
       Eveningstar       |       |       |       |       |       |    22 |       |    14 |       ||    36
       Broad axe         |       |       |       |       |       |       |       |       |     2 ||     2
Invok: Heroism           |       |       |       |     6 |    10 |     6 |     8 |    11 |    19 ||    60
       Finesse           |       |       |       |     4 |     7 |     4 |     7 |    10 |    22 ||    54
 Abil: Stop Flying       |       |       |       |     2 |       |       |       |       |       ||     2
       Evoke Flight      |       |       |       |     1 |     2 |       |       |       |       ||     3
       Evoke Blink       |       |       |       |       |     1 |       |       |       |       ||     1
       Evoke Berserk Rag |       |       |       |       |     1 |     4 |       |     3 |    18 ||    26
Evoke: Wand              |       |       |       |     4 |       |    15 |       |       |     4 ||    23
  Use: Scroll            |       |    13 |     3 |     5 |    24 |    13 |    10 |    10 |    15 ||    93
       Potion            |       |       |       |       |       |     1 |     1 |     7 |    25 ||    34
 Stab: Paralysed         |       |       |       |     1 |       |       |       |       |       ||     1
       Invisible         |       |       |       |       |     2 |       |       |       |     1 ||     3
       Distracted        |       |       |       |       |       |     1 |     1 |     2 |     2 ||     6
       Petrified         |       |       |       |       |       |       |       |     2 |       ||     2
Armor: Scale mail        |    44 |     3 |       |       |       |       |       |       |       ||    47
       Gold dragon scale |       |    79 |    77 |   148 |   427 |   567 |   369 |   378 |   444 ||  2489
Dodge: Dodged            |    39 |    18 |    50 |   134 |   122 |   147 |    95 |   119 |   232 ||   956
Block: Kite shield       |    52 |    64 |    84 |   221 |   435 |   587 |    85 |       |       ||  1528
       Tower shield      |       |       |       |       |       |       |   837 |   904 |  1230 ||  2971
